 Dungeon Crawl Stone Soup version 0.21-a0-349-g0c35859 (webtiles) character file.

1241 JackS81 the Cudgeler (level 8, 0/84 HPs)
             Began as an Ogre Berserker on Oct 8, 2017.
             Was a Priest of Trog.
             Slain by a centaur (8 damage)
             ... on level 5 of the Dungeon.
             The game lasted 00:14:31 (4974 turns).

JackS81 the Cudgeler (Ogre Berserker)               Turns: 4974, Time: 00:14:32

Health: 0/84       AC:  5    Str: 26 (29) XL:     8   Next: 49%
Magic:  8/8        EV: 16    Int:  5 (8)  God:    Trog [***...]
Gold:   250        SH:  0    Dex: 10 (13) Spells: 7/7 levels left

rFire    + . .     SeeInvis .   e - +0 giant club
rCold    . . .     Gourm    .   (shield currently unavailable)
rNeg     + . .     Faith    .   b - +1 animal skin
rPois    .         Spirit   .   (helmet restricted)
rElec    .         Reflect  .   t - +0 cloak
rCorr    .         Harm     .   (gloves unavailable)
MR       ++...                  (boots unavailable)
Stlth    ++........             (no amulet)
HPRegen  1.24/turn              n - ring of protection from fire
MPRegen  0.11/turn              D - ring of positive energy

@: mighty, agile, regenerating
A: unfitting armour, tough skin 1
a: Berserk, Trog's Hand, Burn Spellbooks, Renounce Religion


You were on level 5 of the Dungeon.
You worshipped Trog.
Trog was most pleased with you.
You were hungry.

You visited 1 branch of the dungeon, and saw 5 of its levels.

You collected 250 gold pieces.

Inventory:

Hand Weapons
 a - a +0 mace
 e - a +0 giant club (weapon)
 k - a +3 quarterstaff of chaos
 s - a +4 flail of pain
 C - a +0 flail of protection
Missiles
 u - 6 tomahawks (quivered)
Armour
 b - a +1 animal skin (worn)
 t - a +0 cloak (worn)
Jewellery
 n - a ring of protection from fire (left hand)
 y - an uncursed ring of protection from cold
 D - a ring of positive energy (right hand)
Scrolls
 g - a scroll of remove curse
 i - 4 scrolls of recharging
 o - a scroll of enchant armour
 p - 2 scrolls of enchant weapon
 r - 2 scrolls of amnesia
 w - 3 scrolls of teleportation
 x - a scroll of fear
 F - a scroll of identify
Potions
 h - 2 potions of haste
 m - 3 potions of lignification
 z - 3 potions of invisibility
 A - 2 potions of might
 B - a potion of flight {unknown}
 E - a potion of curing {unknown}
Comestibles
 c - 5 bread rations
 d - a meat ration
 j - a fruit
 q - 2 royal jellies
 v - 13 chunks of flesh


   Skills:
 - Level 6.9 Fighting
 * Level 7.2(7.3) Maces & Flails
 - Level 1.6(5.2) Staves
 + Level 5.1 Dodging


You had 7 spell levels left.
You didn't know any spells.

Dungeon Overview and Level Annotations

Branches:
Dungeon (5/15)             Temple (0/1) D:5

Altars:
Elyvilon
Fedhas
Sif Muna

Shops:
D:4 (


Innate Abilities, Weirdness & Mutations

You are too large for most types of armour.
You have tough skin. (AC +1)


Message History

The centaur closely misses you.
It was a potion of might.
You feel very mighty all of a sudden. The centaur hits you.
* * * LOW HITPOINT WARNING * * *
The centaur hits you.
* * * LOW HITPOINT WARNING * * *
You hit the centaur.
The centaur is moderately wounded.
The centaur hits you.
* * * LOW HITPOINT WARNING * * *
The centaur barely misses you.
It was a potion of degeneration.
There was something very wrong with that liquid.
You feel weakened.
You feel dopey.
You feel clumsy. The centaur barely misses you.
It was a potion of agility.
You feel agile all of a sudden. The centaur closely misses you.
The centaur hits you!
You die...

#.. #.# ### #.#
#.# #.# #.# #.#
#.#
#.###########)#
#...c@.(())...#
#.#############


You could see a centaur.

Vanquished Creatures
  Eustachio (D:4)
  Edmund (D:5)
  Duvessa (D:5)
  2 ogres (D:5)
  Dowan (D:5)
  A bullfrog zombie (D:5)
  3 orc wizards
  7 orc priests
  Crazy Yiuf (D:2)
  2 worker ants (D:5)
  A howler monkey skeleton (D:4)
  4 gnolls (D:2)
  9 adders
  An ooze (D:3)
  An adder skeleton (D:4)
  3 worms
  A dart slug (D:2)
  A leopard gecko (D:1)
  20 orcs
  5 bats
  8 giant cockroaches
  9 hobgoblins
  4 jackals
  4 quokkas
  A ball python (D:4)
  2 frilled lizards
  9 goblins
  7 kobolds
  8 rats
118 creatures vanquished.

Notes
Turn   | Place    | Note
-------+----------+-------------------------------------------
     0 | D:1      | JackS81 the Ogre Berserker began the quest for the Orb.
     0 | D:1      | Reached XP level 1. HP: 24/24 MP: 1/1
   143 | D:1      | Reached skill level 3 in Maces & Flails
   152 | D:1      | Reached XP level 2. HP: 9/32 MP: 2/2
   829 | D:2      | Reached XP level 3. HP: 39/39 MP: 3/3
   833 | D:2      | Reached skill level 4 in Maces & Flails
   842 | D:2      | Reached XP level 4. HP: 24/48 MP: 4/4
  1082 | D:2      | Reached ** piety under Trog
  1668 | D:2      | Found a blossoming altar of Fedhas.
  2128 | D:2      | Found a runed door.
  2132 | D:2      | Noticed Crazy Yiuf
  2140 | D:2      | Killed Crazy Yiuf
  2140 | D:2      | Reached skill level 5 in Maces & Flails
  2140 | D:2      | Reached XP level 5. HP: 23/55 MP: 5/5
  2541 | D:3      | HP: 4/82 [orc priest/divine providence (10)]
  2542 | D:3      | Reached skill level 1 in Staves
  2542 | D:3      | Reached XP level 6. HP: 5/65 MP: 6/6
  2922 | D:3      | Reached skill level 5 in Fighting
  2956 | D:3      | Found a deep blue altar of Sif Muna.
  3057 | D:3      | Reached *** piety under Trog
  3509 | D:4      | Noticed Eustachio
  3520 | D:4      | Killed Eustachio
  3520 | D:4      | Reached XP level 7. HP: 75/75 MP: 7/7
  3964 | D:4      | Found Nirchazxo's Weapon Shop.
  4247 | D:5      | Entered Level 5 of the Dungeon
  4247 | D:5      | Found a staircase to the Ecumenical Temple.
  4521 | D:5      | Noticed Duvessa
  4521 | D:5      | Reached skill level 6 in Maces & Flails
  4529 | D:5      | Killed Duvessa
  4529 | D:5      | Reached XP level 8. HP: 73/84 MP: 8/8
  4575 | D:5      | Noticed Edmund
  4580 | D:5      | Killed Edmund
  4801 | D:5      | Found a white marble altar of Elyvilon.
  4804 | D:5      | Noticed Dowan
  4811 | D:5      | Reached skill level 5 in Dodging
  4820 | D:5      | Killed Dowan
  4835 | D:5      | Reached skill level 7 in Maces & Flails
  4974 | D:5      | Slain by a centaur

Vault maps used:
D:1:      lightli_arrival_farm
D:2:      lemuel_coloured_pillars_altar, minmay_misc_feat_plants,
          uniq_crazy_yiuf_cottage
D:3:      lemuel_round_altar, first_bread
D:4:      cheibrodos_barr_body, kennysheep_windowed_goal, uniq_eustachio
D:5:      lemuel_ice_spiral_2, temple_doors_e, basic_altar, uniq_prince_ribbit1,
          uniq_edmund, uniq_duvessa

Skill      XL: |  1  2  3  4  5  6  7  8 |
---------------+-------------------------+-----
Maces & Flails | 3 4 5 6 7 |  7.2
Dodging        | 3 4 5 |  5.1
Staves         | 1 |  1.6
Fighting       | 6 |  6.9

Action                   |  1- 3 |  4- 6 |  7- 9 || total
-------------------------+-------+-------+-------++-------
Melee: Mace              |    84 |    68 |       ||   152
       Quarterstaff      |       |    99 |    49 ||   148
       Giant club        |       |       |    69 ||    69
Throw: Tomahawk          |       |     1 |       ||     1
Invok: Berserk           |     1 |     3 |       ||     4
       Trog's Hand       |       |     2 |     2 ||     4
       Burn Spellbooks   |       |       |     1 ||     1
  Use: Scroll            |       |       |    12 ||    12
       Potion            |       |       |     3 ||     3
 Stab: Paralysed         |       |     2 |       ||     2
       Confused          |       |     1 |       ||     1
  Eat: Chunk             |       |    11 |     5 ||    16
       Fruit             |       |     1 |     1 ||     2
Armor: Animal skin       |    22 |    30 |    23 ||    75
Dodge: Dodged            |    51 |    56 |    70 ||   177

Table legend:
 A = Spawn XP
 B = Non-spawn XP
 C = Spawn XP percentage of total XP
 D = Spawn monster count
 E = Non-spawn monster count
 F = Spawn count percentage of total count
 G = Total turns spent on level
                    A         B        C        D         E        F      G
               +---------+---------+-------+---------+---------+-------+---------
         Total |       0 |    1774 |   0.0 |       0 |     118 |   0.0 |  4974
               +---------+---------+-------+---------+---------+-------+---------
           D:1 |       0 |      27 |   0.0 |       0 |      16 |   0.0 |   807
           D:2 |       0 |     176 |   0.0 |       0 |      27 |   0.0 |  1589
           D:3 |       0 |     253 |   0.0 |       0 |      38 |   0.0 |   909
           D:4 |       0 |     327 |   0.0 |       0 |      13 |   0.0 |   942
           D:5 |       0 |     991 |   0.0 |       0 |      24 |   0.0 |   727
               +---------+---------+-------+---------+---------+-------+---------
